 Dungeon Crawl Stone Soup version 0.27.0-1-g7a08968 (webtiles) character file.

Game seed: 17002917090004782648

93 Scud the Magician (level 4, -3/31 HPs)
             Began as a Djinni Hedge Wizard on Aug 23, 2021.
             Slain by an orc wizard (4 damage)
             ... on level 2 of the Dungeon.
             The game lasted 00:10:58 (3765 turns).

Scud the Magician (Djinni Hedge Wizard)             Turns: 3765, Time: 00:10:59

Health: -3/31      AC:  3    Str:  9    XL:     4   Next: 91%
Gold:   101        EV: 16    Int: 17    God:
                   SH:  0    Dex: 12

rFire    + + .     SeeInvis .   g - +0 dagger (drain)
rCold    x . .     Faith    .   (no shield)
rNeg     . . .     Spirit   .   b - +1 robe
rPois    ∞         Reflect  .   c - +0 hat
rElec    .         Harm     .   (no cloak)
rCorr    .         Rampage  .   (no gloves)
Will     .....                  (boots unavailable)
Stlth    ++........             (no amulet)
HPRegen  0.10/turn              h - +4 ring of evasion
MPRegen  0.00/turn              (no ring)

@: flying
A: sickness immunity, fire resistance 2, cold vulnerability 1, float, innate
caster, hp casting, extra vitality 1
a: no special abilities


You were on level 2 of the Dungeon.
You visited 1 branch of the dungeon, and saw 3 of its levels.

You collected 101 gold pieces.

Inventory:

Hand Weapons
 g - a +0 dagger of draining (weapon)
Armour
 b - a +1 robe (worn)
 c - a +0 hat (worn)
Jewellery
 h - a +4 ring of evasion (left hand)
Scrolls
 i - a scroll of teleportation {unknown}
 j - a scroll of amnesia {unknown}
Potions
 a - a potion of attraction {unknown}


   Skills:
 + Level 0.2 Fighting
 + Level 0.9 Short Blades
 + Level 2.6 Dodging
 + Level 1.9 Stealth
 + Level 3.6 Spellcasting


You couldn't memorise any spells.
You knew the following spells:

 Your Spells              Type           Power      Damage    Failure   Level
a - Magic Dart            Conj           60%        1d6       3%          1
b - Blink                 Tloc           N/A        N/A       5%          2
c - Call Imp              Summ           15%        N/A       5%          2
d - Slow                  Hex            15%        N/A       5%          2
e - Conjure Flame         Conj/Fire      15%        6-21      11%         3
f - Mephitic Cloud        Conj/Pois/Air  15%        N/A       11%         3
g - Summon Small Mammal   Summ           60%        N/A       3%          1
Your spell library was empty.

Dungeon Overview and Level Annotations

Branches:
Dungeon (3/15)

Altars:

Annotations:
D:2 Robin


Innate Abilities, Weirdness & Mutations

You are immune to sickness and miasma.
You are immune to poison.
Your flesh is very heat resistant. (rF++)
You are vulnerable to cold. (rC-)
You float through the air rather than walking.
You learn spells naturally, not from books.
Your magical power is your life essence.
You have superior vitality. (+4 HP)


Message History

Your white imp completely misses the hobgoblin.
Your crimson imp hits Robin but does no damage.
Your shadow imp barely misses the hobgoblin.
Found 16 gold pieces.
The gnoll misses your white imp.
Your crimson imp barely misses Robin.
Your white imp hits the hobgoblin but does no damage.
Your shadow imp hits the hobgoblin.
You see here 4 gold pieces.
The gnoll misses your white imp.
The orc wizard gestures wildly while chanting.
The orc wizard flickers and vanishes!
Deactivating autopickup; reactivate with Ctrl-A.
Robin hits you with a +2 vorpal trident!
* * * LOW HITPOINT WARNING * * *
x2 Your shadow imp hits the hobgoblin.
The hobgoblin dies!
Your crimson imp closely misses Robin.
As you read the scroll labelled DAJEZXAMNO, it crumbles to dust.
The scroll dissolves into smoke.
It was a scroll of fog.
The hobgoblin closely misses you. The ball python barely misses you.
The ball python misses you. Robin closely misses you.
Your shadow imp hits Robin but does no damage.
Your crimson imp hits Robin but does no damage.
The gnoll hits your shadow imp with a +0 spear.
Your shadow imp dies!
Robin misses you.
Your crimson imp closely misses Robin.
As you read the scroll labelled TUANER BAWNIS, it crumbles to dust.
It is a scroll of enchant armour.
Your +0 robe glows green for a moment.
The ball python misses you. The ball python completely misses you.
The hobgoblin barely misses you. Robin misses you.
Your crimson imp closely misses Robin.
The hobgoblin barely misses you. Something hits you.
* * * LOW HITPOINT WARNING * * *
An orc priest comes into view. It is wielding a +0 flail.
Something barely misses your white imp. The ball python barely misses you.
The ball python completely misses you.
Something closely misses your white imp.
Your white imp barely misses the ball python.
Something hits you.
You die...

############ .
##.....#..... ...
###............ ..$..
............... .....
#.............
......######.............
..........##...(.........
........§@.##.............
#....##§g.S# #.....(......
......§§§§####.....#.....
#o #§§§5#............##
#..##§§gg§.##.........#
#...§§§§5###>..g.....#
#.##>.g....#.........# #.
##..............[..# .
#..........#########


You could see a hobgoblin (strong), a ball python and a friendly white imp
(summoned).

Vanquished Creatures
  A gnoll (D:1)
  A worm (D:1)
  4 endoplasms
  A giant cockroach (D:2)
  12 goblins
  7 hobgoblins
  5 jackals (D:1)
  4 kobolds
  A quokka (D:2)
  4 ball pythons
  4 bats
  2 frilled lizards (D:1)
  7 rats
53 creatures vanquished.

Vanquished Creatures (collateral kills)
  An orc wizard (D:2)
  An adder (D:2)
  A ball python (D:2)
  A hobgoblin (D:2)
  A kobold (D:2)
  A rat (D:2)
6 creatures vanquished.

Grand Total: 59 creatures vanquished

Notes
Turn   | Place    | Note
-------+----------+-------------------------------------------
     0 | D:1      | Scud the Djinni Hedge Wizard began the quest for the Orb.
     0 | D:1      | Reached XP level 1. HP: 15/15 MP: 0/0
   172 | D:1      | Reached XP level 2. HP: 6/21 MP: 0/0
   604 | D:1      | Found a faded altar of an unknown god.
  1112 | D:1      | Reached XP level 3. HP: 22/25 MP: 0/0
  1112 | D:1      | Learned a level 1 spell: Summon Small Mammal
  1164 | D:1      | Reached skill level 3 in Spellcasting
  2086 | D:1      | Reached XP level 4. HP: 12/31 MP: 0/0
  2501 | D:2      | Noticed Robin
  3255 | D:3      | HP: 1/31 [goblin[Robin] (2)]
  3764 | D:2      | HP: 1/31 [something (1)]
  3765 | D:2      | Slain by an orc wizard

Illustrated notes

Levels and vault maps discovered:
D:1:      dpeg_arrival_windows_large_door, layout_basic,
          shapermc_ecumenical_altar_totnotflames, minmay_hexomino_f4
D:2:      layout_rooms, minmay_tree_intersection, kennysheep_generic_room_13,
          uniq_robin
D:3:      layout_loops_ring

Skill      XL: |  1  2  3 |
---------------+----------+-----
Spellcasting   | 3 |  3.6
Fighting       | |  0.2
Short Blades   | |  0.9
Dodging        | |  2.6
Stealth        | |  1.9

Action                   |  1- 3 |  4- 6 || total
-------------------------+-------+-------++-------
Melee: Dagger            |    22 |    42 ||    64
 Cast: Magic Dart        |    56 |    23 ||    79
       Mephitic Cloud    |     3 |     3 ||     6
       Blink             |       |     9 ||     9
       Call Imp          |       |     7 ||     7
       Conjure Flame     |       |     2 ||     2
  Use: Scroll            |       |     2 ||     2
       Potion            |       |     2 ||     2
 Stab: Confused          |       |     1 ||     1
Armor: Robe              |     6 |     9 ||    15
Dodge: Dodged            |    23 |    67 ||    90
